 Dungeon Crawl Stone Soup version 0.21-a0-203-gb066a6e (webtiles) character file.

77498 aurelian the Basher (level 15, -10/122 HPs)
             Began as a Mummy Fighter on Aug 19, 2017.
             Was a High Priest of Ru.
             Killed from afar by a fire dragon (30 damage)
             ... with a blast of flame
             ... on level 12 of the Dungeon.
             The game lasted 01:29:50 (22964 turns).

aurelian the Basher (Mummy Fighter)                Turns: 22964, Time: 01:29:51

Health: -10/122    AC: 21    Str: 24    XL:     15   Next: 15%
Magic:  19/19      EV:  6    Int:  8    God:    Ru [*****.]
Gold:   1286       SH: 14    Dex: 13    Spells: 20/20 levels left

rFire    . . .     SeeInvis .   a - +2 whip (elec)
rCold    + + .     Gourm    .   c - +1 shield
rNeg     + + +     Faith    .   s - +1 plate armour {rC+}
rPois    ∞         Spirit   .   I - +0 helmet
rElec    .         Reflect  .   i - +0 cloak
rCorr    .         Harm     .   m - +2 pair of gloves
MR       +....                  (no boots)
Stlth    ..........             j - amulet of regeneration
HPRegen  0.70/turn              l - ring "Bedaircha" {+Blink Slay+3 Stlth-}
MPRegen  0.16/turn              k - ring of protection from fire

@: exhausted, no scrolls, studying Shields, drained
A: no food or potions, fire vulnerability, cold resistance 1, negative energy
resistance 3, torment resistance, unbreathing, inability to read while
threatened, no stealth, inability to use devices, inability to train dodging, no
earth magic, no necromancy magic, no summoning magic, in touch with death 1
a: Draw Out Power, Power Leap, Apocalypse, Renounce Religion


You were on level 12 of the Dungeon.
You worshipped Ru.
Ru was extremely pleased with you.
You were not hungry.

You visited 2 branches of the dungeon, and saw 18 of its levels.
You also visited: Ice Cave.

You collected 1401 gold pieces.
You spent 115 gold pieces at shops.

Inventory:

Hand Weapons
 a - a +2 whip of electrocution (weapon)
 b - a +0 hunting sling
 e - a +2 flail of crushing
 h - a +2 mace of protection
 t - a +1 flail
 u - the +2 scimitar "Mishe" {flame, rElec MR- Int+2}
   (You found it on level 6 of the Dungeon)

   It has been specially enchanted to burn those struck by it, causing extra
   injury to most foes and up to half again as much damage against particularly
   susceptible opponents.
   Big, fiery blades are also staple armaments of hydra-hunters.
   It affects your intelligence (+2).
   It insulates you from electricity.
   It affects your resistance to hostile enchantments.
 z - the +0 spear of Xeshrokka {venom, Int+2}
   (You found it on level 4 of the Dungeon)

   It poisons the flesh of those it strikes.
   It affects your intelligence (+2).
Missiles
 f - 383 stones
 q - 80 sling bullets
 w - a throwing net (quivered)
Armour
 c - a +1 shield (worn)
 i - a +0 cloak (worn)
 m - a +2 pair of gloves (worn)
 s - a +1 plate armour of cold resistance (worn)
 I - a +0 helmet (worn)
Jewellery
 j - an amulet of regeneration (around neck)
 k - a ring of protection from fire (right hand)
 l - the ring "Bedaircha" (left hand) {+Blink Slay+3 Stlth-}
   (You found it on level 1 of the Lair of Beasts)

   [ring of loudness]

   It affects your accuracy and damage with ranged weapons and melee attacks
   (+3).
   It lets you blink.
   It makes you less stealthy.
 A - an uncursed ring of protection from magic
 E - an uncursed ring of wizardry
 H - an uncursed ring of magical power
 J - an uncursed ring of fire
Scrolls
 d - 2 scrolls of blinking
 g - 6 scrolls of enchant weapon
 o - 2 scrolls of amnesia
 p - a scroll of fear
 r - 11 scrolls of teleportation
 v - 3 scrolls of magic mapping
 y - 4 scrolls of identify
 C - 5 scrolls of remove curse
 L - a scroll of enchant armour
 N - a scroll of fog
Books
 n - a book of Ice

   Spells                             Type                      Level
   a - Ice Form                       Ice/Transmutation            4
   b - Metabolic Englaciation         Hexes/Ice                    5
   c - Ozocubu's Refrigeration        Ice                          6
   d - Bolt of Cold                   Conjuration/Ice              6
   e - Freezing Cloud                 Conjuration/Ice/Air          6
   f - Simulacrum                     Ice/Necromancy               6
 D - a book of Minor Magic

   Spells                             Type                      Level
   a - Magic Dart                     Conjuration                  1
   b - Blink                          Translocation                2
   c - Call Imp                       Summoning                    2
   d - Slow                           Hexes                        2
   e - Conjure Flame                  Conjuration/Fire             3
   f - Mephitic Cloud                 Conjuration/Poison/Air       3
 G - a book of Beasts

   Spells                             Type                      Level
   a - Summon Butterflies             Summoning                    1
   b - Call Canine Familiar           Summoning                    3
   c - Summon Ice Beast               Ice/Summoning                4
   d - Summon Mana Viper              Hexes/Summoning              5
   e - Summon Hydra                   Summoning                    7
 O - a manual of Shields


   Skills:
 + Level 12.6(12.2) Fighting
 + Level 13.1(12.7) Maces & Flails
 - Level 3.1(2.8) Slings
 + Level 10.3(9.9) Armour
 + Level 11.8(11.4) Shields
 - Level 3.1(2.7) Spellcasting


You had 20 spell levels left.
You didn't know any spells.

Dungeon Overview and Level Annotations

Branches:
Dungeon (12/15)            Temple (0/1) D:7            Lair (6/6) D:8
  Swamp (0/4) Lair:2        Snake (0/4) Lair:2        Slime (0/5) Lair:5
    Orc (0/2) D:10

Altars:
Ashenzari
Cheibriados
Dithmenos
Makhleb
Okawaru
Qazlal
Ru
Sif Muna
Vehumet
Xom
The Shining One
Jiyva
Lugonu

Shops:
D:5 (

Annotations:
D:7 exclusion: downstairs
D:9 wearedevo's ghost, novice HOFi
Lair:2 exclusion: 2 oklob plants
Lair:5 Meesh's ghost, journeyman DrFi


Innate Abilities, Weirdness & Mutations

You do not eat or drink.
Your flesh is vulnerable to fire.
You are immune to poison.
Your flesh is cold resistant. (rC+)
You are immune to negative energy. (rN+++)
You are immune to unholy pain and torment.
You can survive without breathing.
You cannot read scrolls while threatened.
You cannot be stealthy.
You cannot study or use magical devices.
You cannot train Dodging skill.
You cannot study or cast Earth magic.
You cannot study or cast Necromancy magic.
You cannot study or cast Summoning magic.
You are in touch with the powers of death.


Message History

The iron dragon breathes metal splinters at you.
The spray of metal splinters hits you!
* * * LOW HITPOINT WARNING * * *
You block the phantasmal warrior's attack.
You are restored by drawing out deep reserves of power within.
You feel drained.
The iron dragon stops glowing.
The phantasmal warrior hits you.
The phantasmal warrior hits you but does no damage.
A fire dragon comes into view.
The fire dragon roars deafeningly!
You block the phantasmal warrior's attack.
The phantasmal warrior begins to attack, but is stunned by your will!
The fire dragon breathes flames at you. The blast of flame hits you!
* * * LOW HITPOINT WARNING * * *
The iron dragon begins to attack, but is stunned by your will!
The phantasmal warrior blinks!
The fire dragon breathes flames at you. The blast of flame hits you!
You die...

...# ....................#
...#
....................##
...#
.......D.............#
...#
..........W.........##
...# ..............(.(.).#
...# .................####
...# ####...D.....#####
...############.....###
....)......# ##@..##
..#######..# ##...##
..#.....#..# #.....#
..#.....#..# ##...##
..#.....#..# ##.##
..#....[#..######.#
..#.....).........#
..#'#####.((......########
............).)..........#


You could see an iron dragon, a fire dragon and a phantasmal warrior.

Vanquished Creatures
  A frost giant (IceCv)
  A yaktaur captain (D:12)
  4 catoblepae
  10 hydras
  Erica (Lair:1)
  6 two-headed ogres
  A tengu warrior (D:12)
  11 death yaks
  3 unseen horrors
  Pikel (D:7)
  5 ugly things
  3 manticores
  10 elephants
  A rust devil (D:10)
  4 black mambas
  An ice statue (IceCv)
  2 orange demons (D:10)
  A torpor snail (Lair:4)
  2 gargoyles
  7 spiny frogs
  8 rime drakes
  6 komodo dragons
  2 trolls (D:12)
  12 polar bears
  A queen bee (D:8)
  14 hippogriffs
  2 dream sheep (Lair:5)
  8 blink frogs
  8 slime creatures
  Sigmund (D:2)
  A wraith (D:10)
  A vampire (D:11)
  66 yaks
  4 fire bats (Lair:4)
  9 wyverns
  A shadow (D:12)
  7 basilisks
  2 hungry ghosts (D:12)
  5 vampire mosquitoes (D:12)
  Menkaure (D:6)
  Edmund (D:6)
  4 swamp worms (Lair:2)
  2 nagas (Lair:2)
  A hell hound (Lair:5)
  9 porcupines
  14 water moccasins
  Duvessa (D:4)
  An orc warrior (D:12)
  4 black bears
  3 sky beasts
  A slave (D:8)
  13 ice beasts
  2 necrophages
  3 phantoms
  4 ogres
  27 wolves
  A big kobold (D:11)
  4 centaurs
  15 crocodiles
  13 bullfrogs
  Dowan (D:4)
  9 scorpions
  A wyvern skeleton (D:12)
  4 wights (D:11)
  29 killer bees
  4 howler monkeys
  3 electric eels
  5 crimson imps
  2 quasits
  A bullfrog zombie (D:10)
  4 jellies
  5 hounds
  9 orc wizards
  4 bullfrog skeletons
  4 orc priests
  2 centaur skeletons
  Crazy Yiuf (D:4)
  8 iron imps
  Jessica (D:2)
  14 worker ants
  4 iguanas
  A killer bee zombie (D:6)
  2 hound skeletons
  3 gnolls (D:4)
  11 adders
  2 river rats
  A shadow imp (D:7)
  An adder skeleton (D:4)
  An adder zombie (D:7)
  2 worms
  5 dart slugs
  3 leopard geckos
  29 orcs
  3 ball pythons
  5 bats
  8 giant cockroaches
  6 goblins
  9 hobgoblins
  3 jackals (D:4)
  14 kobolds
  12 quokkas
  4 frilled lizards
  A leopard gecko skeleton (D:4)
  2 quokka skeletons
  9 rats
  2 plants (Lair:4)
611 creatures vanquished.

Vanquished Creatures (others)
  A polar bear (IceCv)
  A porcupine (Lair:4)
  3 slaves (D:8)
  20 fungi
  22 plants
47 creatures vanquished.

Grand Total: 658 creatures vanquished

Notes
Turn   | Place    | Note
-------+----------+-------------------------------------------
     0 | D:1      | aurelian the Mummy Fighter began the quest for the Orb.
     0 | D:1      | Reached XP level 1. HP: 18/18 MP: 1/1
    64 | D:1      | Reached skill level 2 in Maces & Flails
    98 | D:1      | Reached XP level 2. HP: 13/24 MP: 2/2
   718 | D:2      | Reached XP level 3. HP: 23/29 MP: 3/3
   848 | D:2      | Found a white marble altar of Elyvilon.
   850 | D:2      | Found a shimmering altar of Xom.
   850 | D:2      | Found an ornate altar of the Wu Jian Council.
   852 | D:2      | Found a shadowy altar of Dithmenos.
   852 | D:2      | Found an ancient bone altar of Kikubaaqudgha.
   852 | D:2      | Found a hide-covered altar of Uskayaw.
   896 | D:2      | Reached skill level 3 in Maces & Flails
  1284 | D:2      | Noticed Sigmund
  1461 | D:3      | Reached XP level 4. HP: 31/35 MP: 4/4
  2015 | D:3      | Found a deep blue altar of Sif Muna.
  2175 | D:3      | Reached skill level 4 in Maces & Flails
  2241 | D:4      | Reached XP level 5. HP: 38/41 MP: 5/5
  2333 | D:4      | Found an iron altar of Okawaru.
  2337 | D:4      | Got an ichor-stained spear
  2363 | D:4      | Identified the cursed +0 spear of Xeshrokka {venom, Int+2} (You found it on level 4 of the Dungeon)
  2623 | D:4      | Found a shimmering altar of Xom.
  2813 | D:4      | Noticed an ogre
  3032 | D:2      | Noticed Jessica
  3041 | D:2      | Killed Jessica
  3041 | D:2      | Reached skill level 5 in Maces & Flails
  3068 | D:2      | Found a shadowy altar of Dithmenos.
  3271 | D:2      | Killed Sigmund
  3271 | D:2      | Reached XP level 6. HP: 26/47 MP: 6/6
  3436 | D:2      | Found a shattered altar of Ashenzari.
  3474 | D:2      | Reached skill level 6 in Maces & Flails
  3684 | D:4      | Found a runed door.
  3740 | D:4      | Reached XP level 7. HP: 48/52 MP: 7/7
  4173 | D:4      | Noticed Crazy Yiuf
  4182 | D:4      | Killed Crazy Yiuf
  4261 | D:5      | Entered Level 5 of the Dungeon
  4263 | D:5      | Noticed Duvessa
  4369 | D:5      | Found Jeigekh's Weapon Emporium.
  4379 | D:5      | Bought 21 sling bullets for 115 gold pieces
  4432 | D:5      | Found a sacrificial altar of Ru.
  4437 | D:5      | Became a worshipper of Ru the Awakened
  4672 | D:5      | Noticed Dowan
  4734 | D:5      | Reached skill level 7 in Maces & Flails
  4820 | D:6      | Got a translucent scimitar
  4821 | D:6      | Identified the +2 scimitar "Mishe" {flame, rElec MR- Int+2} (You found it on level 6 of the Dungeon)
  4980 | D:6      | Reached skill level 8 in Maces & Flails
  4980 | D:6      | Reached XP level 8. HP: 32/58 MP: 8/8
  5130 | D:6      | Noticed Edmund
  5196 | D:4      | Killed Duvessa
  5222 | D:4      | Killed Dowan
  5305 | D:5      | Reached skill level 9 in Maces & Flails
  5569 | D:6      | Noticed Menkaure
  5581 | D:6      | Killed Menkaure
  6035 | D:7      | Found a staircase to the Ecumenical Temple.
  6124 | D:7      | Reached XP level 9. HP: 60/65 MP: 9/9
  6288 | D:6      | Killed Edmund
  6543 | D:7      | Found a snail-covered altar of Cheibriados.
  6663 | D:7      | Noticed a two-headed ogre
  7051 | D:8      | Noticed a two-headed ogre
  7195 | D:7      | Killed a two-headed ogre
  7195 | D:7      | Reached skill level 10 in Maces & Flails
  7341 | D:7      | Found a glowing golden altar of the Shining One.
  7510 | D:7      | Killed a two-headed ogre
  7510 | D:7      | Reached skill level 5 in Fighting
  7510 | D:7      | Reached XP level 10. HP: 54/74 MP: 10/10
  7744 | D:8      | Noticed a two-headed ogre
  7770 | D:7      | Killed a two-headed ogre
  7965 | D:8      | Noticed Pikel
  7997 | D:7      | Killed Pikel
  7997 | D:7      | Reached skill level 5 in Armour
  8090 | D:8      | Reached skill level 5 in Shields
  8165 | D:8      | Noticed a death yak
  8326 | D:8      | Reached skill level 11 in Maces & Flails
  8651 | D:8      | Found a staircase to the Lair.
  8670 | Lair:1   | Entered Level 1 of the Lair of Beasts
  8719 | Lair:1   | Noticed Erica
  8896 | D:8      | Got a transparent quarterstaff
  9175 | D:8      | Noticed a death yak
  9242 | Lair:1   | Killed Erica
  9242 | Lair:1   | Reached XP level 11. HP: 74/83 MP: 11/11
  9538 | Lair:1   | Got a transparent iron ring
 10059 | Lair:1   | Identified the ring "Bedaircha" {+Blink Slay+3 Stlth-} (You found it on level 1 of the Lair of Beasts)
 10355 | Lair:2   | Reached skill level 12 in Maces & Flails
 10410 | Lair:2   | Found a staircase to the Snake Pit.
 10509 | Lair:2   | Noticed a five-headed hydra
 10513 | Lair:2   | Killed a five-headed hydra
 10697 | Lair:2   | Noticed an oklob plant
 10697 | Lair:2   | Noticed an oklob plant
 11029 | Lair:2   | Found a staircase to the Swamp.
 11038 | Lair:2   | Gained mutation: You cannot read scrolls while threatened. [Ru sacrifice]
 11038 | Lair:2   | Reached * piety under Ru
 11168 | Lair:2   | Reached skill level 1 in Dodging
 11168 | Lair:2   | Reached XP level 12. HP: 93/93 MP: 12/12
 11885 | Lair:3   | Noticed a seven-headed hydra
 11900 | Lair:3   | Killed a seven-headed hydra
 11969 | Lair:3   | Noticed a seven-headed hydra
 11988 | Lair:3   | Killed a seven-headed hydra
 12946 | Lair:4   | Noticed an eight-headed hydra
 12953 | Lair:4   | Killed an eight-headed hydra
 13117 | Lair:4   | Noticed a four-headed hydra
 13147 | Lair:3   | Killed a four-headed hydra
 13384 | Lair:4   | Gained mutation: You cannot be stealthy. [Ru sacrifice]
 13384 | Lair:4   | Reached ** piety under Ru
 13487 | Lair:4   | You fall through a shaft for 2 floors!
 13487 | Lair:6   | Entered Level 6 of the Lair of Beasts
 13620 | Lair:6   | Noticed a seven-headed hydra
 13642 | Lair:6   | Killed a seven-headed hydra
 13652 | Lair:6   | Gained mutation: You are in touch with the powers of death. [Mummy growth]
 13652 | Lair:6   | Reached XP level 13. HP: 38/103 MP: 13/13
 13658 | Lair:6   | Found a labyrinth entrance.
 13872 | Lair:5   | Found a viscous altar of Jiyva.
 13872 | Lair:5   | Found a staircase to the Slime Pits.
 13916 | Lair:5   | Reached skill level 10 in Fighting
 14243 | Lair:4   | Reached skill level 5 in Dodging
 14487 | Lair:5   | Noticed Meesh's ghost (journeyman DrFi)
 14977 | Lair:5   | Reached skill level 1 in Slings
 16718 | Lair:6   | Identified Sif Muna's Tome of the Mountains and the Traveller
 16977 | Lair:6   | Reached XP level 14. HP: 113/113 MP: 14/14
 17661 | Lair:6   | Reached skill level 10 in Shields
 17972 | Lair:3   | Gained mutation: You cannot study or use magical devices. [Ru sacrifice]
 17972 | Lair:3   | Reached *** piety under Ru
 17972 | Lair:3   | Reached **** piety under Ru
 18243 | D:9      | Found a stormy altar of Qazlal.
 18298 | D:9      | Found a radiant altar of Vehumet.
 18487 | D:9      | Noticed wearedevo's ghost (novice HOFi)
 18638 | D:9      | Found a burning altar of Makhleb.
 18785 | D:10     | Entered Level 10 of the Dungeon
 18791 | D:10     | Found a corrupted altar of Lugonu.
 19098 | D:10     | Found a staircase to the Orcish Mines.
 19735 | D:11     | Reached skill level 1 in Spellcasting
 19788 | D:11     | Found a frozen archway.
 19804 | IceCv    | Entered an ice cave
 20151 | IceCv    | Gained mutation: You cannot study or cast Earth magic. [Ru sacrifice]
 20151 | IceCv    | Gained mutation: You cannot study or cast Necromancy magic. [Ru sacrifice]
 20151 | IceCv    | Gained mutation: You cannot study or cast Summoning magic. [Ru sacrifice]
 20151 | IceCv    | Reached ***** piety under Ru
 20269 | IceCv    | Reached skill level 10 in Armour
 20376 | IceCv    | Noticed a frost giant
 20415 | IceCv    | Killed a frost giant
 21074 | D:11     | Reached skill level 13 in Maces & Flails
 21981 | D:11     | Reached XP level 15. HP: 109/122 MP: 13/19
 22900 | D:12     | Gained mutation: You cannot train Dodging skill. [Ru sacrifice]
 22924 | D:12     | Noticed an iron dragon
 22953 | D:12     | HP: 6/122 [iron dragon/spray of metal splinters (41)]
 22964 | D:12     | Killed from afar by a fire dragon

Vault maps used:
D:1:      dpeg_arrival_pond, minmay_distorted
D:2:      lemuel_doored_altar, lemuel_coloured_pillars_altar,
          doesnt_xom_only_xom, uniq_sigmund, uniq_jessica
D:3:      lemuel_crystal_altar
D:4:      nicolae_overflow_crystal_walls, okawaru_ov_weapons_minmay,
          uniq_crazy_yiuf_cottage
D:5:      marbit_many_paths, serial_shops, shop, first_bread,
          minmay_misc_feat_plants, item_on_display_a, uniq_duvessa
D:6:      portal_sewer_entry_a, grunt_ministairs_9, uniq_menkaure, uniq_edmund
D:7:      slow_altar_2, lemuel_round_altar, minmay_temple_entry_overgrown
D:8:      dpeg_lair_monsters, david_nohive_1, uniq_pikel
D:9:      lemuel_crystal_altar, overflow_temple_1_default, grunt_qazlal_clouds,
          nicolae_overflow_hidden_temple
D:10:     orc_0_dummy, lemuel_hellish_altar
D:11:     portal_ice_cave_entry_ice_beasts, glass_columns_a
D:12:     thingy_vault
Lair:1:   grunt_megastairs_4, lemuel_fruit_fields, uniq_erica
Lair:2:   nicolae_swamp_entry_splash_gauntlet, guppyfry_snake_entry_island,
          minmay_lair_oklob_chamber
Lair:5:   slime_altar_1, special_room, hangedman_lair_generics_rect
Lair:6:   evilmike_catoblepas_cave, lab_entry_generic
IceCv:    ice_cave_caverns_03

Skill      XL: |  1  2  3  4  5  6  7  8  9 10 11 12 13 14 15 |
---------------+----------------------------------------------+-----
Maces & Flails | 2 3 4 5 6 8 9 10 11 12 13 | 13.1
Shields        | 3 4 5 6 8 9 11 | 11.8
Armour         | 3 4 5 6 8 9 10 | 10.3
Fighting       | 5 6 8 9 11 12 | 12.6
Dodging        | 1 4 5 0 |  0.0
Slings         | 3 |  3.1
Spellcasting   | 3 |  3.1

Action                   |  1- 3 |  4- 6 |  7- 9 | 10-12 | 13-15 || total
-------------------------+-------+-------+-------+-------+-------++-------
Melee: Flail             |   150 |   135 |   191 |    72 |    43 ||   591
       Mace              |       |       |   229 |       |       ||   229
       Spear             |       |       |    25 |    14 |       ||    39
       Whip              |       |       |       |   847 |  1611 ||  2458
 Fire: Hunting sling     |       |    43 |    26 |    71 |   204 ||   344
Throw: Stone             |     2 |     1 |       |       |       ||     3
       Throwing net      |       |     3 |     1 |     1 |       ||     5
Invok: Reject Sacrifices |       |       |     1 |       |       ||     1
       Sacrifice Words   |       |       |       |     1 |       ||     1
       Sacrifice Stealth |       |       |       |     1 |       ||     1
       Power Leap        |       |       |       |       |     5 ||     5
       Sacrifice Artific |       |       |       |       |     1 ||     1
       Sacrifice Arcana  |       |       |       |       |     1 ||     1
       Draw Out Power    |       |       |       |       |     1 ||     1
       Sacrifice Nimblen |       |       |       |       |     1 ||     1
 Abil: Evoke Blink       |       |       |       |       |     1 ||     1
Evoke: Wand              |       |       |     7 |     6 |     1 ||    14
  Use: Scroll            |       |     6 |    10 |     8 |     3 ||    27
 Stab: Held in net/web   |       |     1 |       |       |       ||     1
       Distracted        |       |       |     1 |       |     3 ||     4
       Invisible         |       |       |       |       |     5 ||     5
Armor: Scale mail        |    69 |    84 |   137 |       |       ||   290
       Chain mail        |       |       |    64 |       |       ||    64
       Plate armour      |       |       |       |   380 |   466 ||   846
Dodge: Dodged            |    53 |    52 |   121 |   140 |   199 ||   565
Block: Shield            |    74 |    77 |   238 |   388 |   488 ||  1265
